 Dungeon Crawl Stone Soup version 0.27-a0-1228-gfd60fd639a (webtiles) character file.

Game seed: 17648051980014936052

3460 Shayle the Fighter (level 10, -6/111 HPs)
             Began as an Ogre Warper on June 8, 2021.
             Was a Follower of Cheibriados.
             Mangled by an orc warrior
             ... wielding a +0 glaive
              (11 damage)
             ... in a bailey.
             The game lasted 00:31:30 (10133 turns).

Shayle the Fighter (Ogre Warper)                   Turns: 10133, Time: 00:31:31

Health: -6/111     AC: 18    Str: 19    XL:     10   Next: 6%
Magic:  12/13      EV:  1    Int: 19    God:    Cheibriados [*.....]
Gold:   167        SH:  0    Dex: 10    Spells: 5/13 levels left

rFire    + . .     SeeInvis .   i - +5 dire flail (drain)
rCold    + . .     Faith    .   (shield currently unavailable)
rNeg     . . .     Spirit   .   C - +0 gold dragon scales
rPois    +         Reflect  .   (helmet restricted)
rElec    .         Harm     .   w - +0 cloak {rPois}
rCorr    .         Rampage  .   (gloves unavailable)
Will     +....                  (boots unavailable)
Stlth    ..........             y - amulet of the acrobat
HPRegen  0.28/turn              c - +4 ring of protection
MPRegen  0.13/turn              n - +4 ring of slaying

@: mighty, very slow
A: large, unfitting armour, tough skin 1
a: Renounce Religion, Bend Time


You were in a bailey.
You worshipped Cheibriados.
Cheibriados was aware of your devotion.
You visited 2 branches of the dungeon, and saw 9 of its levels.
You also visited: Bailey.

You collected 570 gold pieces.
You spent 403 gold pieces at shops.

Inventory:

Hand Weapons
 a - a +0 spear
 b - a +0 vorpal hunting sling
 i - a +5 dire flail of draining (weapon)
 j - a +3 rapier of speed
 o - a +2 spear of flaming
 s - a +0 giant spiked club
 v - a +3 quarterstaff of chaos
 D - a +0 halberd
Missiles
 h - 49 sling bullets
 p - 6 boomerangs (quivered)
Armour
 g - a +0 robe
 q - a +0 kite shield
 w - a +0 cloak of poison resistance (worn)
 C - +0 gold dragon scales (worn)
Jewellery
 c - a +4 ring of protection (left hand)
 n - a +4 ring of slaying (right hand)
 y - an amulet of the acrobat (around neck)
Wands
 f - a wand of iceblast (10)
 t - a wand of paralysis (1)
Scrolls
 d - a scroll of immolation {unknown}
 e - a scroll of teleportation
 k - a scroll of amnesia
 r - a scroll of noise
Potions
 l - 2 potions of mutation
 u - 2 potions of degeneration
 x - a potion of flight
 B - a potion of attraction


   Skills:
 - Level 10.5 Fighting
 - Level 8.1 Polearms
 - Level 1.0 Throwing
 + Level 1.6 Armour
 - Level 7.5 Dodging
 - Level 2.4 Spellcasting
 - Level 2.6 Translocations
 + Level 2.3 Invocations


You had 5 spell levels left.
You knew the following spells:

 Your Spells              Type           Power      Damage    Failure   Level
a - Blink                 Tloc           N/A        N/A       100%        2
b - Teleport Other        Tloc           12%        N/A       100%        3
c - Mephitic Cloud        Conj/Pois/Air  2%         N/A       100%        3

Your spell library contained the following spells:

 Spells                   Type           Power      Damage    Failure   Level
 Magic Dart               Conj           8%         1d3       100%        1
 Summon Small Mammal      Summ           8%         N/A       100%        1
 Call Imp                 Summ           2%         N/A       100%        2
 Slow                     Hex            2%         N/A       100%        2
 Call Canine Familiar     Summ           2%         N/A       100%        3
 Conjure Flame            Conj/Fire      2%         6-21      100%        3
 Gell's Gravitas          Tloc           6%         N/A       100%        3
 Lesser Beckoning         Tloc           6%         N/A       100%        3
 Summon Guardian Golem    Hex/Summ       2%         N/A       100%        3
 Summon Ice Beast         Ice/Summ       2%         N/A       100%        4
 Summon Lightning Spire   Summ/Air       2%         N/A       100%        4
 Manifold Assault         Tloc           12%        N/A       100%        5


Dungeon Overview and Level Annotations

Branches:
Dungeon (8/15)             Temple (1/1) D:6          Bailey (1/1)
   Lair: D:8-11

Altars:
Ashenzari
Cheibriados
Gozag
Hepliaklqana
Kikubaaqudgha
Nemelex Xobeh
Okawaru
Qazlal
Ru
Sif Muna
Trog
Uskayaw
Vehumet
Wu Jian
Xom
Yredelemnul
Zin
The Shining One

Shops:
D:7 !**


Innate Abilities, Weirdness & Mutations

You are too large for most types of armour.
You have tough skin. (AC +1)


Message History

Your Invocations skill increases to level 2!
The orc warrior hits you with a +0 glaive!
* * * LOW HITPOINT WARNING * * *
The orc warrior hits you but does no damage.
You impale the orc warrior!!
The orc warrior is severely wounded.
The orc warrior hits you from afar with a +0 spear.
* * * LOW HITPOINT WARNING * * *
The orc hits you but does no damage. The orc warrior barely misses you.
The orc warrior hits you from afar with a +0 spear.
* * * LOW HITPOINT WARNING * * *
Okay, then.
You closely miss the orc warrior.
The orc warrior is severely wounded.
The orc hits you but does no damage.
The orc warrior hits you with a +0 glaive!
* * * LOW HITPOINT WARNING * * *
The orc warrior hits you but does no damage.
Unknown command.
You feel better.
The orc warrior hits you but does no damage.
The orc hits you but does no damage.
The orc warrior hits you but does no damage.
You feel better.
The orc warrior hits you with a +0 glaive!
* * * LOW HITPOINT WARNING * * *
The orc warrior hits you from afar with a +0 spear.
* * * LOW HITPOINT WARNING * * *
The orc hits you but does no damage.
You feel better.
The orc warrior hits you but does no damage. x2
You miss the orc warrior.
The orc warrior is severely wounded.
The orc warrior hits you but does no damage.
The orc hits you from afar with a +0 spear.
* * * LOW HITPOINT WARNING * * *
The orc warrior hits you from afar with a +0 spear.
* * * LOW HITPOINT WARNING * * *
The orc warrior hits you with a +0 glaive!
You die...

.≈.≈..∩..≈.≈.≈.#..≈#
.≈.≈.⌠∩⌠.≈.≈.≈.#..≈#
.≈.≈≈...≈≈.≈.≈.#..≈#
.≈≈.≈...≈.≈≈.≈.#..≈#
≈.≈.≈≈≈≈≈.≈.≈≈.#.)≈#
≈.≈≈.....≈≈.≈.##..≈#
≈≈.≈≈≈.≈≈≈.≈≈.#⌠oo≈#
.≈≈..≈.≈..≈≈..#..)≈#
⌠.≈≈≈...≈≈≈.⌠.#.@.≈#
....≈≈≈≈≈)...##.o.≈#
####.....#####....≈#
####### ......##
......## .......##
#######


You could see 2 orc warriors and an orc (slow).

Vanquished Creatures
  Joseph (D:7)
  A yak (D:5)
  Eustachio (D:4)
  Edmund (D:4)
  2 water moccasins
  An orc warrior (Bailey)
  An ice beast (D:6)
  3 sky beasts
  2 black bears (D:5)
  A necrophage (D:6)
  6 ogres
  2 centaurs (Bailey)
  A phantom (D:7)
  A kobold brigand (D:7)
  2 scorpions
  A bullfrog (D:7)
  2 water moccasin zombies
  A wyvern skeleton (D:5)
  A jelly (D:7)
  A howler monkey (D:5)
  2 bullfrog zombies (D:5)
  3 hounds (D:6)
  2 centaur skeletons (D:4)
  Crazy Yiuf (D:4)
  A bullfrog skeleton (D:7)
  2 iguanas (D:6)
  A hound skeleton (D:4)
  A gnoll (D:1)
  6 adders
  2 ufetubi (D:5)
  A worm (D:2)
  3 dart slugs
  20 orcs
  6 endoplasms
  4 giant cockroaches
  3 goblins
  6 hobgoblins
  11 jackals
  7 kobolds
  4 quokkas
  6 ball pythons
  6 bats
  3 frilled lizards
  A rat (D:2)
134 creatures vanquished.

Vanquished Creatures (collateral kills)
  A black bear (D:5)
1 creature vanquished.

Vanquished Creatures (others)
  An adder (D:3)
  An endoplasm (D:3)
  2 hobgoblins (D:3)
  2 fungi
  90 plants
  4 toadstools (D:2)
100 creatures vanquished.

Grand Total: 235 creatures vanquished

Notes
Turn   | Place    | Note
-------+----------+-------------------------------------------
     0 | D:1      | Shayle the Ogre Warper began the quest for the Orb.
     0 | D:1      | Reached XP level 1. HP: 22/22 MP: 3/3
    12 | D:1      | Found a faded altar of an unknown god.
   160 | D:1      | Reached skill level 3 in Fighting
   166 | D:1      | Reached XP level 2. HP: 26/31 MP: 5/5
   414 | D:1      | Reached XP level 3. HP: 29/37 MP: 6/6
  1410 | D:2      | Reached XP level 4. HP: 48/48 MP: 7/7
  1847 | D:3      | Reached skill level 4 in Fighting
  2241 | D:3      | Found a shimmering altar of Xom.
  2711 | D:4      | Noticed Edmund
  2837 | D:4      | Noticed Eustachio
  2906 | D:4      | Reached XP level 5. HP: 54/55 MP: 8/8
  2911 | D:4      | Learned a level 2 spell: Blink
  2915 | D:4      | Learned a level 3 spell: Teleport Other
  2919 | D:4      | Learned a level 3 spell: Mephitic Cloud
  2925 | D:4      | Noticed an ogre
  2938 | D:3      | Killed an ogre
  2939 | D:3      | Reached skill level 5 in Fighting
  2939 | D:3      | Reached XP level 6. HP: 66/66 MP: 9/9
  3284 | D:4      | Killed Eustachio
  3455 | D:4      | Reached XP level 7. HP: 70/74 MP: 4/10
  3459 | D:4      | Reached skill level 6 in Fighting
  3544 | D:4      | Found an opulent altar of Gozag.
  3544 | D:4      | Found a faded altar of an unknown god.
  3556 | D:4      | Found a faded altar of an unknown god.
  3558 | D:4      | Found a glowing silver altar of Zin.
  3560 | D:4      | Found an ancient bone altar of Kikubaaqudgha.
  3629 | D:4      | You fall into a shaft and drop 3 floors!
  4222 | D:6      | Reached skill level 5 in Polearms
  4289 | D:6      | Identified the +1 robe "Wan Fin" {Dex+2}
  4294 | D:6      | Reached skill level 5 in Dodging
  4317 | D:6      | Reached skill level 7 in Fighting
  4317 | D:6      | Reached XP level 8. HP: 38/87 MP: 11/11
  4686 | D:5      | Entered Level 5 of the Dungeon
  4921 | D:5      | Noticed a yak
  5047 | D:5      | Reached skill level 8 in Fighting
  5685 | D:4      | Killed Edmund
  5915 | D:4      | Found a runed translucent door.
  5916 | D:4      | Noticed Crazy Yiuf
  6091 | D:4      | Killed Crazy Yiuf
  6149 | D:5      | Found a broken altar of Ashenzari.
  6180 | D:5      | Killed a yak
  6181 | D:5      | Reached XP level 9. HP: 87/97 MP: 12/12
  6336 | D:5      | Reached skill level 9 in Fighting
  6933 | D:6      | Found a staircase to the Ecumenical Temple.
  6942 | Temple   | Entered the Ecumenical Temple
  6999 | Temple   | Became a worshipper of Cheibriados the Contemplative
  7662 | D:7      | HP: 3/101 [ice beast (14)]
  7880 | D:7      | Paralysed by a kobold for 6 turns
  7890 | D:7      | Paralysed by a kobold for 6 turns
  7908 | D:7      | Paralysed by a kobold for 4 turns
  7915 | D:7      | HP: 4/101 [something (5)]
  7918 | D:7      | Reached skill level 10 in Fighting
  8347 | D:7      | Noticed Joseph
  8363 | D:7      | Killed Joseph
  8370 | D:7      | Found Lauvixki's Assorted Antiques.
  8995 | D:7      | Found Wirph's General Store.
  9000 | D:7      | Bought a wand of iceblast (10) for 182 gold pieces
  9052 | D:7      | Found Ingoy's Distillery.
  9079 | D:7      | Bought a potion of heal wounds for 65 gold pieces
  9079 | D:7      | Bought a potion of curing for 39 gold pieces
  9079 | D:7      | Bought a potion of curing for 39 gold pieces
  9079 | D:7      | Bought a potion of curing for 39 gold pieces
  9079 | D:7      | Bought a potion of attraction for 39 gold pieces
  9651 | D:8      | Found a flagged portal.
  9661 | Bailey   | Entered a bailey
  9687 | Bailey   | Reached skill level 1 in Invocations
  9687 | Bailey   | Reached XP level 10. HP: 82/111 MP: 13/13
  9716 | Bailey   | Reached * piety under Cheibriados
  9717 | Bailey   | Reached skill level 1 in Armour
 10129 | Bailey   | HP: 3/111 [orc warrior/+0 glaive (7)]
 10133 | Bailey   | Mangled by an orc warrior

Illustrated notes

Levels and vault maps discovered:
D:1:      minmay_arrival_arboretum_small, layout_rooms,
          hellmonk_ecumenical_altar_arch_garden, minmay_misc_feat_square
D:2:      layout_basic, minmay_gold_behind_fungi
D:3:      minmay_door_path, layout_basic, xom_confusion_cloud,
          minmay_misc_feat_nine_boxes, minmay_stone_trees_small
D:4:      cheibrodos_helix_gallery, layout_loops_ring,
          chequers_temple_overflow_minitemple, serial_bayou,
          serial_bayou_pond_e, serial_bayou_shore_a, serial_bayou_pond_a,
          serial_bayou_ford_a, uniq_eustachio, uniq_edmund,
          uniq_crazy_yiuf_cottage
D:5:      layout_basic, ashenzari_conservatory_becter, minmay_circle_x
D:6:      layout_basic, minmay_temple_entry_trees
D:7:      layout_basic, serial_bayou, serial_bayou_pond_a,
          serial_bayou_crossing, serial_bayou_lagoon_b, serial_bayou_lagoon_a,
          serial_bayou_pond_a, serial_shops, kennysheep_little_box,
          kennysheep_mini, shop, grunt_ministairs_4, kennysheep_potato,
          uniq_joseph
D:8:      layout_loops_corners, kennysheep_mini_moat, grunt_dithmenos_shadows,
          fedhas_altar_1, enter_bailey_2, minmay_ruined_shrine,
          uniq_prince_ribbit1
Temple:   dshaligram_water_room_temple
Bailey:   bailey_polearm_flooded_kennysheep, bailey

Skill      XL: |  1  2  3  4  5  6  7  8  9 10 |
---------------+-------------------------------+-----
Fighting       | 3 4 5 7 8 10 | 10.5
Dodging        | 3 4 5 6 7 |  7.5
Polearms       | 3 4 5 6 8 |  8.1
Invocations    | 1 2 |  2.3
Armour         | 1 |  1.6
Throwing       | |  1.0
Spellcasting   | |  2.4
Translocations | |  2.6

Action                   |  1- 3 |  4- 6 |  7- 9 | 10-12 || total
-------------------------+-------+-------+-------+-------++-------
Melee: Spear             |   131 |    24 |   111 |    34 ||   300
       Rapier            |    10 |    63 |    84 |       ||   157
       Dire flail        |       |       |   161 |     5 ||   166
 Fire: Hunting sling     |    12 |    35 |     5 |       ||    52
Throw: Boomerang         |       |     2 |     3 |       ||     5
 Cast: Blink             |       |     6 |     6 |       ||    12
       Mephitic Cloud    |       |       |     1 |       ||     1
       Teleport Other    |       |       |     1 |       ||     1
Invok: Bend Time         |       |       |       |     1 ||     1
Evoke: Wand              |       |       |     2 |       ||     2
  Use: Scroll            |       |       |    13 |       ||    13
       Potion            |       |       |     7 |     5 ||    12
 Stab: Confused          |       |       |     3 |       ||     3
       Distracted        |       |       |     1 |       ||     1
       Paralysed         |       |       |     2 |       ||     2
       Invisible         |       |       |     1 |       ||     1
Armor: Robe              |    66 |    68 |   158 |       ||   292
       Gold dragon scale |       |       |    25 |    60 ||    85
Dodge: Dodged            |    79 |    83 |   181 |    29 ||   372

Table legend: (Time is in decaauts)
 A = Elapsed time spent in this place.
 B = Non-inter-level travel time spent in this place.
 C = Inter-level travel time spent in this place.
 D = Time resting spent in this place.
 E = Time spent auto-exploring this place.
 F = Levels seen in this place.
 G = Mean time per level.
                   A        B        C        D        E       F      G
               +--------+--------+--------+--------+--------+-----+--------+
         Total |  10520 |  10151 |    369 |   2725 |   5071 |  10 | 1052.0 |
       Dungeon |   9948 |   9590 |    358 |   2466 |   4920 |   8 | 1243.5 |
        Temple |     68 |     57 |     11 |      0 |     52 |   1 |   68.0 |
        Bailey |    503 |    503 |      0 |    259 |     99 |   1 |  503.0 |
               +--------+--------+--------+--------+--------+-----+--------+

Top non-repeatable levels by time:
     D:6: 2318 daAuts
     D:7: 1810 daAuts
     D:5: 1401 daAuts
     D:4: 1367 daAuts
     D:3: 1259 daAuts
     D:1: 933 daAuts
     D:2: 831 daAuts
  Bailey: 503 daAuts
  Temple: 68 daAuts
     D:8: 26 daAuts
